 Dungeon Crawl Stone Soup version 0.18.1-48-g4cf74bf (webtiles) character file.

2233 TuxedoFelix the Blocker (level 9, 56/75 HPs)
             Began as a Minotaur Fighter on July 21, 2016.
             Was a Believer of Ru.
             Starved to death
             ... on level 7 of the Dungeon.
             The game lasted 00:48:51 (8804 turns).

TuxedoFelix the Blocker (Minotaur Fighter)          Turns: 8804, Time: 00:48:52

Health: 56/75      AC:  9    Str: 23    XL:     9   Next: 14%
Magic:  8/8        EV:  7    Int:  5    God:    Ru [**....]
Gold:   438        SH: 12    Dex: 11    Spells: 0 memorised, 8 levels left

rFire  . . .     SeeInvis .     a - +0 war axe
rCold  . . .     Gourm    .     b - +0 chain mail
rNeg   . . .     Faith    .     c - +0 shield
rPois  .         Spirit   .     (helmet restricted)
rElec  .         Dismiss  .     (no cloak)
rCorr  .         Reflect  .     (no gloves)
SustAt .         Harm     .     (no boots)
MR     .....                    (no amulet)
Stlth  ..........               (no ring)
                                u - ring of stealth

@: fainting, not resistant to hostile enchantments, extremely unstealthy
A: retaliatory headbutt, horns 2, inability to train dodging, disrupted magic 1
a: Renounce Religion


You were on level 7 of the Dungeon.
You worshipped Ru.
Ru was pleased with you.
You were fainting.

You visited 2 branches of the dungeon, and saw 8 of its levels.

You collected 438 gold pieces.

Inventory:

Hand Weapons
 a - a +0 war axe (weapon)
Missiles
 j - 4 javelins (quivered)
 n - 14 tomahawks
Armour
 b - a +0 chain mail (worn)
 c - a +0 shield (worn)
Jewellery
 f - an uncursed ring of resist corrosion {unknown}
 u - a ring of stealth (left hand)
 y - an uncursed ring of ice {unknown}
 z - an uncursed ring of flight {unknown}
 C - a +4 ring of protection {unknown}
Scrolls
 g - 2 scrolls of recharging {unknown}
 h - a scroll of enchant weapon {unknown}
 i - 4 scrolls of enchant armour
 l - 4 scrolls of teleportation
 m - 5 scrolls of remove curse
 o - a scroll of magic mapping
 p - 3 scrolls of fog
 t - a scroll of fear
 B - a scroll of blinking {unknown}
 D - a scroll of random uselessness {unknown}
Potions
 d - 2 potions of might
 e - 3 potions of curing
 k - 3 potions of flight {unknown}
 q - a potion of lignification {unknown}
 r - a potion of heal wounds {unknown}
 s - 3 potions of brilliance {unknown}
 x - a potion of magic {unknown}
 A - 2 potions of mutation {unknown}
Books
 v - a book of Cantrips

   Spells                             Type                      Level
   a - Corona                         Hexes                        1
   b - Animate Skeleton               Necromancy                   1
   c - Summon Small Mammal            Summoning                    1
   d - Apportation                    Translocation                1
 w - a book of Frost

   Spells                             Type                      Level
   a - Freeze                         Ice                          1
   b - Throw Frost                    Conjuration/Ice              2
   c - Ozocubu's Armour               Charms/Ice                   3
   d - Throw Icicle                   Conjuration/Ice              4
   e - Summon Ice Beast               Ice/Summoning                4


   Skills:
 - Level 6.1 Fighting
 * Level 9.7 Axes
 - Level 3.6 Armour
 * Level 10.4 Shields


You had 8 spell levels left.
You didn't know any spells.

Dungeon Overview and Level Annotations

Branches:
Dungeon (7/15)             Temple (1/1) D:4

Altars:
Ashenzari
Cheibriados
Dithmenos
Elyvilon
Fedhas
Gozag
Makhleb
Okawaru
Pakellas
Ru
Sif Muna
Trog
Vehumet
Xom
Yredelemnul
Zin
The Shining One


Innate Abilities, Weirdness & Mutations

You reflexively headbutt those who attack you in melee.
You have a pair of horns on your head.
You cannot train Dodging skill.
Your casting is slightly disrupted.


Message History

You barely miss the adder.
The adder is almost dead.
The adder bites you but does no damage. You block the adder's attack.
You hit the adder.
The adder is almost dead.
You block the adder's attack.
Your shield and chain mail prevent you from hitting the adder.
Your headbutt misses the adder.
The adder is almost dead.
You block the adder's attack.
Your chain mail prevents you from hitting the adder.
The adder is almost dead.
You block the adder's attack. The adder bites you but does no damage.
You closely miss the adder. Your headbutt misses the adder.
The adder is almost dead.
You redirect the adder's attack!
The adder bites itself.
The adder dies!
You have starved to death.
You die...

....#.# *,,,,,,,,,,,.,,*
##'###
..#.#.#**,......,,,,,,,* #.#
###'#..,.........,,,,,,* #.#
.......,,.........,,*+** #.#
.......,,......,...**,* #.#
.......,,#.#..,,,..,,,* #.#
##########.#.#***#.########.#
#.....#.#####..#.......# **
######+####.....@...#.#####.#
*, .................#....#
#.# *,
............####.#.#..# #.#
*, ............# #.#....#
#.#***,
.#####+####'####.###..#
#.#,,+, .# *,* #?...##......#
#.#,**, ## *,*
#....######..#####.#,*** *,*
#....'...)#........*,,,* ****
*,* #....###....#......***,*


There were no monsters in sight!

Vanquished Creatures
  A hungry ghost (D:7)
  An ice beast (D:7)
  2 ogres (D:6)
  3 phantoms
  3 centaurs
  Blork the orc (D:5)
  3 giant frogs
  A wyvern zombie (D:5)
  4 scorpions
  3 crimson imps
  A giant frog zombie (D:5)
  A hound (D:4)
  A giant frog skeleton (D:5)
  3 orc wizards
  Natasha (thrice) (D:2)
  An iguana (D:6)
  4 worker ants
  A worker ant zombie (D:5)
  4 gnolls (D:3)
  12 adders
  6 oozes
  3 worms
  4 dart slugs
  3 giant geckos
  17 orcs
  4 giant cockroaches
  3 goblins
  10 hobgoblins
  7 jackals
  8 kobolds
  A quokka (D:3)
  2 ball pythons
  6 bats
  10 giant newts
  A quokka zombie (D:6)
  3 rats
141 creatures vanquished.

Vanquished Creatures (others)
  A phantom (D:7)
  A lightning spire (D:2)
  An adder (D:7)
  A giant newt (D:6)
  2 bushes (D:2)
6 creatures vanquished.

Grand Total: 147 creatures vanquished

Notes
Turn   | Place    | Note
--------------------------------------------------------------
     0 | D:1      | TuxedoFelix the Minotaur Fighter began the quest for the Orb.
     0 | D:1      | Reached XP level 1. HP: 19/19 MP: 0/0
   128 | D:1      | Reached skill level 4 in Shields
   128 | D:1      | Reached XP level 2. HP: 26/27 MP: 1/1
   341 | D:1      | Reached XP level 3. HP: 28/33 MP: 2/2
  1501 | D:2      | Found a snail-covered altar of Cheibriados.
  1582 | D:2      | Noticed Natasha
  1585 | D:2      | Reached XP level 4. HP: 36/41 MP: 3/3
  1609 | D:2      | Killed Natasha
  1840 | D:2      | Noticed Natasha
  1852 | D:2      | Killed Natasha
  1852 | D:2      | Reached skill level 5 in Shields
  1943 | D:2      | Noticed Natasha
  1951 | D:2      | Killed Natasha
  1951 | D:2      | Reached skill level 5 in Fighting
  1951 | D:2      | Reached XP level 5. HP: 39/48 MP: 4/4
  2045 | D:2      | Found a sacrificial altar of Ru.
  2052 | D:2      | Became a worshipper of Ru the Awakened
  2063 | D:2      | Found an iron altar of Okawaru.
  2190 | D:2      | Found an oddly glowing altar of Pakellas.
  2191 | D:2      | Noticed a fire dragon
  2241 | D:2      | Found a glowing silver altar of Zin.
  2611 | D:3      | Noticed a phantom
  2654 | D:3      | Killed a phantom
  3076 | D:3      | Reached XP level 6. HP: 48/56 MP: 5/5
  3909 | D:3      | Reached skill level 6 in Shields
  4106 | D:4      | Found a shattered altar of Ashenzari.
  4150 | D:4      | Gained mutation: You cannot train Dodging skill. [Ru sacrifice]
  4150 | D:4      | Reached * piety under Ru
  4236 | D:4      | Reached skill level 5 in Axes
  4811 | D:4      | Reached XP level 7. HP: 62/63 MP: 6/6
  4898 | D:4      | Found a staircase to the Ecumenical Temple.
  4904 | Temple   | Entered the Ecumenical Temple
  5490 | D:5      | Entered Level 5 of the Dungeon
  5553 | D:5      | Reached skill level 7 in Shields
  6131 | D:5      | Noticed Blork the orc
  6138 | D:5      | Killed Blork the orc
  6269 | D:5      | Found a glowing golden altar of the Shining One.
  6695 | D:5      | Reached skill level 8 in Shields
  6745 | D:5      | Reached XP level 8. HP: 70/70 MP: 7/7
  7057 | D:6      | Gained mutation: Your casting is slightly disrupted. [Ru sacrifice]
  7057 | D:6      | Reached ** piety under Ru
  7539 | D:6      | Reached skill level 9 in Shields
  8487 | D:7      | Reached skill level 10 in Shields
  8508 | D:7      | Reached XP level 9. HP: 68/75 MP: 8/8
  8547 | D:7      | Found a basalt altar of Yredelemnul.
  8696 | D:7      | Found a deep blue altar of Sif Muna.
  8723 | D:7      | Paralysed by fainting for 8 turns
  8745 | D:7      | Paralysed by fainting for 7 turns
  8804 | D:7      | Starved to death

Skill      XL: |  1  2  3  4  5  6  7  8 |
---------------+-------------------------+-----
Shields        | 4 5 6 8 10 | 10.4
Axes           | 3 4 5 7 9 |  9.7
Fighting       | 4 5 6 |  6.1
Armour         | |  3.6

Action                   |  1- 3 |  4- 6 |  7- 9 || total
-------------------------+-------+-------+-------++-------
Melee: War axe           |    61 |   151 |   298 ||   510
       Headbutt          |     9 |    34 |    59 ||   102
Invok: Sacrifice Nimblen |       |     1 |       ||     1
       Sacrifice Essence |       |       |     1 ||     1
  Use: Scroll            |       |     4 |     6 ||    10
  Eat: Bread ration      |     1 |     2 |       ||     3
       Royal jelly       |       |       |     2 ||     2
       Beef jerky        |       |       |     1 ||     1
       Meat ration       |       |       |     1 ||     1
       Chunk             |       |       |     1 ||     1
Armor: Scale mail        |    18 |    51 |       ||    69
       Chain mail        |       |     2 |    83 ||    85
Dodge: Dodged            |    22 |    34 |    54 ||   110
Block: Shield            |    41 |    78 |   138 ||   257
